 Dungeon Crawl Stone Soup version 0.24-a0-130-ga3c21ff (webtiles) character file.

Game seed: 8172393160507251335

53 Inarius the Chiller (level 3, 0/14 HPs)
             Began as a Felid Ice Elementalist on Feb 26, 2019.
             Succumbed to Robin's poison
             ... on level 1 of the Dungeon.
             The game lasted 00:03:44 (1726 turns).

Inarius the Chiller (Felid Ice Elementalist)        Turns: 1726, Time: 00:03:45

Health: 0/14       AC:  1    Str:  9    XL:     3   Next: 64%
Magic:  1/8        EV: 24    Int: 17    God:
Gold:   73         SH:  4    Dex: 21    Spells: 4/7 levels left
                                        Lives:  0   Deaths: 0

rFire    . . .     SeeInvis +   (weapon unavailable)
rCold    . . .     Gourm    .   (shield unavailable)
rNeg     . . .     Faith    .   (armour unavailable)
rPois    .         Spirit   .   (helmet unavailable)
rElec    .         Reflect  .   (cloak unavailable)
rCorr    .         Harm     .   (gloves unavailable)
MR       .....     Clarity  +   (boots unavailable)
Stlth    ++++......             (no amulet)
HPRegen  0.04/turn              (no ring)
MPRegen  0.11/turn              (no ring)

@: mighty, agile, lethally poisoned (0 -> -17), flying, very slightly
contaminated, hasted, invisible, very quick
A: very small, no armour, no weapons or thrown items, stealth, claws 1, fangs 3,
large bone plates 1, see invisible, carnivore, clarity, speed 1, high mp 1,
shaggy fur 1, slow metabolism 1, sharp paws
a: no special abilities


You were on level 1 of the Dungeon.
You were completely stuffed.

You visited 1 branch of the dungeon, and saw 2 of its levels.

You collected 73 gold pieces.

Inventory:

Jewellery
 m - an uncursed ring of resist corrosion {unknown}
Scrolls
 a - a scroll of identify {unknown}
 e - a scroll of amnesia {unknown}
 f - a scroll of enchant weapon {unknown}
 j - a scroll of magic mapping {unknown}
 k - 2 scrolls of remove curse {unknown}
Comestibles
 b - 4 rations


   Skills:
 + Level 3.0 Dodging
 + Level 3.0 Stealth
 + Level 0.5 Unarmed Combat
 + Level 2.6 Spellcasting
 * Level 1.2 Conjurations
 * Level 3.3 Ice Magic


You had 4 spell levels left.
You knew the following spells:

 Your Spells              Type           Power        Failure   Level  Hunger
a - Freeze                Ice            ##..         4%          1    #......
b - Throw Frost           Conj/Ice       ##....       11%         2    ##.....

Your spell library contained the following spells:

 Spells                   Type           Power        Failure   Level  Hunger
 Ozocubu's Armour         Chrm/Ice       #.......     26%         3    ###....
 Throw Icicle             Conj/Ice       ##......     56%         4    #####..
 Summon Ice Beast         Ice/Summ       #.......     65%         4    #####..


Dungeon Overview and Level Annotations

Branches:
Dungeon (2/15)

Altars:

Annotations:
D:1 Robin


Innate Abilities, Weirdness & Mutations

You cannot wear armour.
You are incapable of wielding weapons or throwing items.
Your paws allow you to move quietly. (Stealth)
You have sharp claws.
You have razor-sharp teeth.
You have supernaturally acute eyesight. (SInv)
You are carnivorous and can eat meat at any time.
You cover ground quickly.
You are covered in fur. (AC +1)
You have a slow metabolism.
Your sharp claws are effective at attacking unaware monsters.
You are partially covered in large bone plates. (SH +4)
You possess an exceptional clarity of mind.
You have an increased reservoir of magic. (+10% MP)


Message History

You feel very buoyant.
You fly up into the air.
* * * LOW HITPOINT WARNING * * *
You feel sick. Robin misses you.
It was a potion of invisibility.
You fade into invisibility!
* * * LOW HITPOINT WARNING * * *
You feel sick. Robin completely misses you.
You are very lightly contaminated with residual magic.
It was a potion of might.
You feel very mighty all of a sudden.
* * * LOW HITPOINT WARNING * * *
You feel sick. Robin completely misses you.
It was a potion of haste.
You feel yourself speed up.
* * * LOW HITPOINT WARNING * * *
You feel sick. Robin closely misses you.
It was a potion of mutation.
You feel extremely strange.
Large bone plates grow over parts of your legs.
Your thoughts seem clearer.
You feel more energetic.
You die...

#..# ##......( ##.####
#######. #....## ##
####..### # ##...# ###.#
#.##
##############..#########
#...>..g@...............#
#......########..######..
#......# ##.# ###
#......# #.# #......# #.#
### #......# #.######..
#......# #...#....#
##......## #.....####
#........########.#..##


You could see Robin.

Vanquished Creatures
  An adder (D:2)
  A worm (D:2)
  2 dart slugs (D:1)
  A leopard gecko (D:1)
  4 giant cockroaches
  9 goblins
  3 hobgoblins (D:2)
  A quokka (D:2)
  5 bats
  3 frilled lizards
  2 kobolds
  2 rats
34 creatures vanquished.

Notes
Turn   | Place    | Note
-------+----------+-------------------------------------------
     0 | D:1      | Inarius the Felid Ice Elementalist began the quest for the
                  | Orb.
     0 | D:1      | Reached XP level 1. HP: 7/7 MP: 4/4
   203 | D:1      | Reached XP level 2. HP: 11/11 MP: 4/6
   954 | D:2      | Learned a level 2 spell: Throw Frost
   959 | D:2      | Reached skill level 1 in Conjurations
  1191 | D:2      | Reached XP level 3. HP: 14/14 MP: 1/7
  1705 | D:2      | Noticed Robin
  1726 | D:1      | Gained mutation: You are partially covered in large bone
                  | plates. (SH +4) [potion of mutation]
  1726 | D:1      | Gained mutation: You possess an exceptional clarity of
                  | mind. [potion of mutation]
  1726 | D:1      | Gained mutation: You have an increased reservoir of magic.
                  | (+10% MP) [potion of mutation]
  1726 | D:1      | Succumbed to Robin's poison

Levels and vault maps discovered:
D:1:      dpeg_arrival_triangle_fractal, layout_rooms
D:2:      layout_basic, lemuel_zombie_altar_yredelemnul, elyvilon_altar_1,
          first_ration, uniq_robin

Skill      XL: |  1  2  3 |
---------------+----------+-----
Ice Magic      | 3 |  3.3
Conjurations   | 1 |  1.2
Dodging        | 3 |  3.0
Stealth        | 3 |  3.0
Unarmed Combat | |  0.5
Spellcasting   | |  2.6

Action                   || total
-------------------------++-------
Melee: Unarmed           ||    26
       Bite              ||     2
 Cast: Freeze            ||    29
       Throw Frost       ||    18
  Use: Potion            ||     6
 Stab: Sleeping          ||     5
  Eat: Chunk             ||    10
Armor: Skin              ||     6
Dodge: Dodged            ||    49

Table legend:
 A = Non-vault XP
 B = Vault XP
 C = Vault XP percentage of total XP
 D = Non-vault monster count
 E = Vault monster count
 F = Vault count percentage of total count
                 A         B        C        D         E       F
            +---------+---------+-------+---------+---------+-------
      Total |      68 |       9 |  11.7 |      29 |       5 |  14.7
            +---------+---------+-------+---------+---------+-------
        D:1 |      22 |       0 |   0.0 |      11 |       0 |   0.0
        D:2 |      46 |       9 |  16.4 |      18 |       5 |  21.7
            +---------+---------+-------+---------+---------+-------
